 Dungeon Crawl Stone Soup version 0.28.0-45-g0d030f2227 (webtiles) character file.

Game seed: 5023775608208311886

539 seaoflcl the Covered (level 6, -13/52 HPs)
             Began as a Demigod Fighter on Apr 24, 2022.
             Blown up by Pikel (22 damage)
             ... with a mindburst bolt
             ... on level 4 of the Dungeon.
             The game lasted 00:06:22 (4110 turns).

seaoflcl the Covered (Demigod Fighter)              Turns: 4110, Time: 00:06:23

Health: -13/52     AC:  4    Str: 25    XL:     6   Next: 75%
Magic:  8/8        EV: 12    Int: 12    God:
Gold:   115        SH:  5    Dex: 14    Spells: 5/5 levels left

rFire   + . .      SeeInvis .   u - +5 hand axe of Untruth {vorpal, *Noise rF+ Int+2 Dex+4}
rCold   + + .      Faith    .   c - +0 buckler
rNeg    . . .      Spirit   .   q - +0 leather armour of Toborof {rElec rPois rC++ Dex-3}
rPois   +          Reflect  .   o - +0 helmet
rElec   +          Harm     .   (no cloak)
rCorr   .          Rampage  .   (no gloves)
Will    .....                   (no boots)
Stlth   +.........              d - amulet of regeneration
HPRegen 0.97/turn               (no ring)
MPRegen 0.11/turn               (no ring)

@: flying
A: high MP 1, forlorn, divine attributes
a: no special abilities


You were on level 4 of the Dungeon.
You visited 1 branch of the dungeon, and saw 4 of its levels.

You collected 115 gold pieces.

Inventory:

Hand Weapons
 a - a +0 long sword
 h - a +0 hunting sling
 u - the +5 hand axe of Untruth (weapon) {vorpal, *Noise rF+ Int+2 Dex+4}
   (You found it on level 3 of the Dungeon)

   It inflicts extra damage upon your enemies.
   Int:       It affects your intelligence (+2).
   Dex:       It affects your dexterity (+4).
   rF:        It protects you from fire.
   *Noise:    It may make noises in combat.
Missiles
 i - 4 javelins (quivered)
 j - 10 sling bullets
Armour
 b - a +0 scale mail
 c - a +0 buckler (worn)
 o - a +0 helmet (worn)
 q - the +0 leather armour of Toborof (worn) {rElec rPois rC++ Dex-3}
   (You found it on level 2 of the Dungeon)

   Dex:       It affects your dexterity (-3).
   rC:        It greatly protects you from cold.
   rElec:     It insulates you from electricity.
   rPois:     It protects you from poison.
Jewellery
 d - an amulet of regeneration (around neck)
Scrolls
 f - a scroll of magic mapping {unknown}
 k - a scroll of amnesia {unknown}
 l - a scroll of immolation
 m - a scroll of blinking
 n - a scroll of silence {unknown}
 s - a scroll of fear
 t - a scroll of teleportation
 x - a scroll of holy word {unknown}
 z - a scroll of enchant weapon
Potions
 e - a potion of curing
 g - a potion of attraction {unknown}
 p - a potion of cancellation {unknown}
 r - a potion of flight
 v - a potion of degeneration {unknown}
 w - a potion of berserk rage {unknown}
 A - a potion of magic {unknown}


   Skills:
 + Level 3.8 Fighting
 + Level 3.8 Long Blades
 + Level 1.3 Axes
 + Level 4.4 Armour
 + Level 2.3 Dodging
 + Level 0.3 Stealth
 + Level 3.3 Shields


You had 5 spell levels left.
You didn't know any spells.
Your spell library contained the following spells:

 Spells                   Type           Power      Damage    Failure   Level
 Magic Dart               Conj           0%         1d3       43%         1
 Ensorcelled Hibernation  Hex/Ice        0%         N/A       58%         2
 Passwall                 Tmut/Erth      0%         N/A       58%         2
 Searing Ray              Conj           0%         2d4       58%         2
 Swiftness                Air            0%         N/A       82%         3
 Fulminant Prism          Conj/Hex       0%         3d6       99%         4


Dungeon Overview and Level Annotations

Branches:
Dungeon (4/15)
 Temple: D:4-7

Shops:
D:1 *

Annotations:
D:4 Eustachio, Pikel


Innate Abilities, Weirdness & Mutations

You have an increased reservoir of magic. (+10% MP)
You shall have no god before yourself.
Your divine heritage dramatically boosts your attributes as you level up.


Message History

You barely miss Pikel.
Pikel zaps a wand.
Your mind is blasted!
You slash Pikel!
Pikel is moderately wounded.
Pikel hits you with a +2 whip of flaming!
Pikel burns you.
You closely miss Pikel.
Pikel is moderately wounded.
Pikel barely misses you.
You feel better.
Pikel hits you with a +2 whip of flaming.
You barely miss Pikel.
Pikel is moderately wounded.
Pikel hits you with a +2 whip of flaming!
Pikel burns you.
* * * LOW HITPOINT WARNING * * *
Pikel completely misses you.
You barely miss Pikel.
Pikel is moderately wounded.
Pikel hits you with a +2 whip of flaming!
* * * LOW HITPOINT WARNING * * *
You hit Pikel.
Pikel is moderately wounded.
Pikel hits you with a +2 whip of flaming.
* * * LOW HITPOINT WARNING * * *
It was a potion of flight.
You feel very buoyant.
You fly up into the air.
Pikel zaps a wand.
You struggle to resist.
You feel better.
Pikel hits you with a +2 whip of flaming!
* * * LOW HITPOINT WARNING * * *
You hit Pikel.
Pikel is heavily wounded.
Pikel completely misses you.
An ufetubus comes into view.
Pikel zaps a wand.
You struggle to resist.
You completely miss Pikel.
Pikel is heavily wounded.
Pikel cracks his whip.
Pikel zaps a wand.
Your mind is blasted!
You die...

#.#.# #.#.#
#.#.##### ###
#.......# .. #
###.###.# .. . #.#
#.# .# #.# #.# .#
#.#
#.##########.####.#
#.#
#.......@K5555....#
###
#.##########5######
#.# .# #####.# .# #
##.....# 5# .
#.#.....# 5# .#.
####### 5. #.. ##
..#


You could see Pikel, 4 lemures and an ufetubus.

Vanquished Creatures
  A necrophage (D:4)
  A black bear (D:3)
  Blork the orc (D:4)
  A centaur zombie (D:4)
  An orc priest (D:4)
  2 jellies (D:4)
  An iguana (D:2)
  An orc wizard (D:4)
  3 adders
  3 dart slugs
  3 orcs (D:4)
  6 bats
  6 endoplasms
  3 giant cockroaches
  5 goblins
  3 hobgoblins (D:1)
  13 jackals
  5 kobolds
  2 quokkas
  7 ball pythons
  4 frilled lizards
  8 rats
80 creatures vanquished.

Notes
Turn   | Place    | Note
-------+----------+-------------------------------------------
     0 | D:1      | seaoflcl the Demigod Fighter began the quest for the Orb.
     0 | D:1      | Reached XP level 1. HP: 18/18 MP: 3/3
   215 | D:1      | Reached XP level 2. HP: 17/25 MP: 4/4
   223 | D:1      | Reached skill level 3 in Armour
   717 | D:1      | Reached XP level 3. HP: 30/31 MP: 5/5
   765 | D:1      | Found Xuove's Assorted Antiques.
  1722 | D:2      | Reached XP level 4. HP: 15/38 MP: 6/6
  2165 | D:2      | Identified the +0 leather armour of Toborof {rElec rPois
                  | rC++ Dex-3}
  2689 | D:3      | Identified the +5 hand axe of Untruth {vorpal, *Noise rF+
                  | Int+2 Dex+4}
  2882 | D:3      | Noticed a black bear
  2891 | D:3      | Killed a black bear
  2892 | D:3      | Reached skill level 1 in Dodging
  2892 | D:3      | Reached XP level 5. HP: 22/45 MP: 7/7
  3138 | D:4      | Noticed a necrophage
  3151 | D:4      | Killed a necrophage
  3152 | D:4      | Reached skill level 4 in Armour
  3192 | D:4      | Reached XP level 6. HP: 40/51 MP: 8/8
  3210 | D:4      | Reached skill level 1 in Axes
  3213 | D:4      | Noticed Blork the orc
  3656 | D:4      | Killed Blork the orc
  3762 | D:4      | Noticed Eustachio
  4092 | D:4      | Noticed Pikel
  4110 | D:4      | Blown up by Pikel

Illustrated notes

Levels and vault maps discovered:
D:1:      dpeg_arrival_windows_large_door, layout_rooms, serial_shops, shop,
          minmay_vboxes
D:2:      layout_basic
D:3:      layout_basic, minmay_misc_feat_ornament
D:4:      layout_loops_ring, marbit_many_paths, serial_shops,
          nicolae_shop_crystal, uniq_pikel, uniq_eustachio, uniq_blork_the_orc

Skill      XL: |  1  2  3  4  5  6 |
---------------+-------------------+-----
Armour         | 3 4 |  4.4
Fighting       | 3 |  3.8
Long Blades    | 2 3 |  3.8
Dodging        | 1 2 |  2.3
Shields        | 3 |  3.3
Axes           | 1 |  1.3
Stealth        | |  0.3

Action                   |  1- 3 |  4- 6 || total
-------------------------+-------+-------++-------
Melee: Long sword        |   144 |    29 ||   173
       Hand axe          |       |    78 ||    78
  Use: Scroll            |       |     6 ||     6
       Potion            |       |     4 ||     4
Armor: Scale mail        |    82 |     3 ||    85
       Leather armour    |       |    27 ||    27
Dodge: Dodged            |    78 |    73 ||   151
Block: Buckler           |    29 |    26 ||    55
